 Dungeon Sprint DCSS version 0.26-a0-663-g36e8fdb655 (webtiles) character file.

Game seed: 10670594919904433386

51072 mhtbhm the Archmage (level 13, 0/66 HPs)
             Began as a Deep Elf Earth Elementalist on Oct 12, 2020.
             Was the Champion of Vehumet.
             Slain by Polyphemus (19 damage)
             ... in the Dungeon (Sprint III: "The Ten Rune Challenge").
             The game lasted 00:18:19 (4866 turns).

mhtbhm the Archmage (Deep Elf Earth Elementalist)   Turns: 4866, Time: 00:18:19

Health: 0/66       AC:  8    Str:  5    XL:     13   Next: 61%
Magic:  29/50      EV: 17    Int: 29    God:    Vehumet [******]
Gold:   2351       SH:  5    Dex: 15    Spells: 11/66 levels left

rFire    . . .     SeeInvis +   w - staff of earth
rCold    . . .     Faith    .   (no shield)
rNeg     . . .     Spirit   .   c - +2 robe {MR+}
rPois    .         Reflect  +   D - +1 hat {Int+3}
rElec    .         Harm     .   B - +2 cloak {MR+}
rCorr    .         Rampage  .   (no gloves)
MR       +++..     NoTele   +   (no boots)
Stlth    ++........             t - amulet of reflection
HPRegen  0.21/turn              k - ring of see invisible
MPRegen  0.32/turn              (no ring)

@: no status effects
A: claws 1, fangs 1, high mp 1
}: 1/10 runes: serpentine
a: Renounce Religion


You were in the Dungeon.
You worshipped Vehumet.
Vehumet was exalted by your worship.
You visited 1 branch You collected 2579 gold pieces.
You spent 228 gold pieces at shops.

Inventory:

Missiles
 b - 16 stones (quivered)
 s - a throwing net
Armour
 c - a +2 robe of magic resistance (worn)
 B - a +2 cloak of magic resistance (worn)
 D - a +1 hat of intelligence (worn)
Magical Staves
 w - an uncursed staff of earth (weapon)
 x - an uncursed staff of conjuration
 y - an uncursed staff of fire
 z - an uncursed staff of poison
 A - an uncursed staff of cold
Jewellery
 k - a ring of see invisible (left claw)
 t - an amulet of reflection (around neck)
 u - the ring "Kytulaw" {rPois rC- Str+3 Dex+6 Slay+2}
   (You found it in the Dungeon)

   [ring of dexterity]

   It affects your strength (+3).
   It affects your dexterity (+6).
   It affects your accuracy and damage with ranged weapons and melee attacks
   (+2).
   It makes you vulnerable to cold.
   It protects you from poison.
Wands
 q - a wand of paralysis (5)
 v - a wand of acid (5)
Scrolls
 i - 2 scrolls of blinking
 j - a scroll of immolation
 l - 4 scrolls of remove curse
 n - a scroll of fog
 o - a scroll of holy word
 p - 3 scrolls of silence {unknown}
 C - 2 scrolls of amnesia {unknown}
 E - 2 scrolls of enchant armour {unknown}
 G - 3 scrolls of magic mapping
 H - 2 scrolls of identify
Potions
 a - 3 potions of mutation
 d - 3 potions of curing
 f - a potion of haste
 g - 2 potions of magic
 h - 2 potions of berserk rage
 m - 3 potions of might
 F - 2 potions of stabbing {unknown}
 I - a potion of flight
Miscellaneous
 r - a phantom mirror


   Skills:
 - Level 2.1 Fighting
 - Level 0.1 Throwing
 + Level 3.3 Armour
 + Level 8.2 Dodging
 - Level 3.6 Stealth
 O Level 27 Spellcasting
 + Level 6.8 Conjurations
 + Level 5.3 Transmutations
 + Level 1.9 Fire Magic
 + Level 25.5 Earth Magic
 + Level 1.2 Evocations


You had 11 spell levels left.
You knew the following spells:

 Your Spells              Type           Power        Failure   Level
a - Sandblast             Erth           ######       0%          1
b - Passwall              Tmut/Erth      ########     0%          2
c - Stone Arrow           Conj/Erth      ######       0%          3
d - Lee's Rapid Deconstr  Erth           ########..   0%          5
e - Petrify               Tmut/Erth      ########     0%          4
f - Fireball              Conj/Fire      ######....   1%          5
g - Bolt of Magma         Conj/Fire/Erth ########..   1%          5
h - Iron Shot             Conj/Erth      ########..   1%          6
i - Statue Form           Tmut/Erth      ########.    1%          6
j - Shatter               Erth           ########..   1%          9
k - Fire Storm            Conj/Fire      ######....   100%        9

Your spell library contained the following spells:

 Spells                   Type           Power        Failure   Level
 Chain Lightning          Conj/Air       ######....   92%         8
 Absolute Zero            Ice            #####.....   100%        9
 Magic Dart               Conj           ####         1%          1
 Searing Ray              Conj           ######       1%          2
 Confusing Touch          Hex            #####...     1%          3
 Dazzling Flash           Conj/Hex       ######       1%          3
 Gell's Gravitas          Tloc           #####.....   1%          3
 Static Discharge         Conj/Air       ######..     1%          3
 Fulminant Prism          Conj/Hex       ######....   1%          4
 Iskenderun's Mystic Bla  Conj/Tloc      ######..     1%          4
 Leda's Liquefaction      Hex/Erth       ########..   1%          4
 Lightning Bolt           Conj/Air       ######....   1%          5
 Yara's Violent Unravell  Hex/Tmut       ######....   1%          5
 Metabolic Englaciation   Hex/Ice        #####.....   19%         5
 Ignition                 Fire           ######....   98%         8
 Haunt                    Necr/Summ      #####.....   99%         7
 Borgnjor's Revivificati  Necr           #####.....   100%        8
 Infestation              Necr           #####.....   100%        8
 Necromutation            Tmut/Necr      ######....   100%        8
 Death's Door             Necr           #####.....   100%        9
 Tornado                  Air            #####.....   100%        9


Dungeon Overview and Level Annotations

Branches:
Dungeon (1/1)

Altars:
Cheibriados
Dithmenos
Elyvilon
Fedhas
Gozag
Hepliaklqana
Kikubaaqudgha
Makhleb
Nemelex Xobeh
Okawaru
Qazlal
Ru
Sif Muna
Trog
Uskayaw
Vehumet
Wu Jian
Xom
Yredelemnul
Zin
The Shining One
Beogh
Jiyva
Lugonu

Shops:
D }?(?

Annotations:
D Ilsuiw, Polyphemus


Innate Abilities, Weirdness & Mutations

You have sharp fingernails.
You have very sharp teeth.
You have an increased reservoir of magic. (+10% MP)


Message History

Okay, then.
Press: ? - help, v - describe, . - travel
Here: Polyphemus, quivering 8 large rocks (lightly wounded)
The floor.
Unknown command.
Okay, then.
Casting: Petrify (safe; 0% risk of failure)
Confirm with . or Enter, or press ? or * to list all spells.
Okay, then.
Casting: Petrify (safe; 0% risk of failure)
Confirm with . or Enter, or press ? or * to list all spells.
Aiming: Iron Shot (safe; 1% risk of failure)
Press: ? - help, Shift-Dir - straight line, f/p - Polyphemus
Aim: Polyphemus, quivering 8 large rocks (lightly wounded)
You feel a surge of power!
The iron shot hits Polyphemus!!!
Polyphemus is heavily wounded.
A sea snake comes into view.
Polyphemus wildly rolls his eye at you. Polyphemus hits you!!
You die...

.♣....#..♣♣ ♣♣..÷....##+###
.♣...†###'♣****♣♣♣♣♣♣.....♣#,,,+,
#....†♣♣♣.#*,,*#≈≈≈≈≈≈..#[)#,,,*,
.........##,**,#≈≈≈≈≈...#)[#,,,*,
#'....♣.##,**,*#+≈≈≈≈☼####+#****,
.....♣♣..#,**,,,#≈≈..§...○.*,,,,,
###...♣♣.#*,**,,#≈÷(+######*,,,,,
...P♣♣.♣.#*,*####...#,,,,,,*,,,,,
...P♣ ♣...,,*#(C@...#***,_,*,,,,,
'###########*#S######*******+****
.........÷.##▓≈≈≈≈≈≈≈≈≈≈≈≈**,,,,,
............#▓≈≈≈≈≈≈≈≈≈≈≈≈**,****
##########..#▓≈≈≈.,≈≈≈≈≈,,**,*,,,
#...........#▓≈≈.†.,≈≈≈,,,**,*,,,
..÷....÷...##▓≈≈≈..≈≈≈≈≈,,**,*,,,
.÷########## ▓≈≈≈≈≈≈≈≈≈≈,,**,*,,,
..÷÷.......##*≈≈≈≈≈≈≈≈≈≈≈,**,*,**


You could see Polyphemus and a sea snake (wandering).

Vanquished Creatures
  Rupert (D)
  A deep elf master archer (D)
  Gastronok (D)
  A nagaraja (D)
  2 dire elephants (D)
  2 deep elf demonologists (D)
  A deep elf death mage (D)
  A deep elf high priest (D)
  Erolcha (D)
  2 hydras (D)
  A naga warrior (D)
  5 anacondas (D)
  4 death yaks (D)
  An orc high priest (D)
  2 deep elf knights (D)
  A death drake (D)
  6 deep elf magi (D)
  An orc sorcerer (D)
  2 elephants (D)
  8 black mambas (D)
  A guardian serpent (D)
  2 cane toads (D)
  A komodo dragon (D)
  A rime drake (D)
  3 wandering mushrooms (D)
  A queen bee (D)
  2 tyrant leeches (D)
  8 blink frogs (D)
  3 dream sheep (D)
  A shadow (D)
  3 redbacks (D)
  A spatial vortex (D)
  2 nagas (D)
  6 water moccasins (D)
  2 hydra simulacra (D)
  A swamp drake (D)
  4 orc warriors (D)
  A necrophage (D)
  5 two-headed ogres (D)
  A water elemental (D)
  A scorpion (D)
  32 killer bees (D)
  An electric eel (D)
  A jelly (D)
  2 orc priests (D)
  Jessica (D)
  A wizard (D)
  A necromancer (D)
  3 orc wizards (D)
  2 wolf simulacra (D)
  3 humans (D)
  A kobold demonologist (D)
  2 adders (D)
  An ooze (D)
  7 orcs (D)
  2 rats (D)
154 creatures vanquished.

Vanquished Creatures (others)
  A hellion (D)
  10 plants (D)
11 creatures vanquished.

Grand Total: 165 creatures vanquished

Notes
Turn   | Place    | Note
-------+----------+-------------------------------------------
     0 | D        | mhtbhm the Deep Elf Earth Elementalist began the quest for
                  | the Orb.
     0 | D        | Reached XP level 1. HP: 10/10 MP: 6/6
    75 | D        | Noticed Jessica
    77 | D        | Killed Jessica
    77 | D        | Reached skill level 4 in Spellcasting
    77 | D        | Reached XP level 2. HP: 15/15 MP: 6/9
    77 | D        | Reached XP level 3. HP: 19/19 MP: 7/11
   114 | D        | Learned a level 2 spell: Passwall
   118 | D        | Learned a level 3 spell: Stone Arrow
   136 | D        | Gained mutation: You have an increased reservoir of magic.
                  | (+10% MP) [potion of mutation]
   136 | D        | Gained mutation: You have very sharp teeth. [potion of
                  | mutation]
   136 | D        | Gained mutation: You have sharp fingernails. [potion of
                  | mutation]
   156 | D        | Reached skill level 5 in Spellcasting
   184 | D        | Noticed a scorpion
   188 | D        | Killed a scorpion
   188 | D        | Reached skill level 6 in Spellcasting
   188 | D        | Reached XP level 4. HP: 24/24 MP: 8/15
   237 | D        | Noticed a water elemental
   241 | D        | Killed a water elemental
   241 | D        | Reached skill level 7 in Spellcasting
   241 | D        | Reached XP level 5. HP: 15/28 MP: 11/18
   288 | D        | Learned a level 5 spell: Lee's Rapid Deconstruction
   293 | D        | Learned a level 4 spell: Petrify
   378 | D        | Found a radiant altar of Vehumet.
   378 | D        | Found a shimmering blue altar of Sif Muna.
   378 | D        | Found an ancient bone altar of Kikubaaqudgha.
   380 | D        | Reached skill level 5 in Dodging
   380 | D        | Reached skill level 8 in Spellcasting
   461 | D        | Became a worshipper of Vehumet
   476 | D        | Found a basalt altar of Yredelemnul.
   476 | D        | Found a shadowy altar of Dithmenos.
   476 | D        | Found a sacrificial altar of Ru.
   476 | D        | Noticed a necrophage
   477 | D        | Killed a necrophage
   477 | D        | Reached skill level 9 in Spellcasting
   477 | D        | Reached skill level 1 in Conjurations
   477 | D        | Reached skill level 10 in Earth Magic
   477 | D        | Reached XP level 6. HP: 32/32 MP: 14/22
   477 | D        | Reached skill level 10 in Spellcasting
   528 | D        | Found a glowing silver altar of Zin.
   529 | D        | Found a glowing golden altar of the Shining One.
   529 | D        | Found a white marble altar of Elyvilon.
   530 | D        | Noticed a deep elf mage
   532 | D        | Killed a deep elf mage
   532 | D        | Reached * piety under Vehumet
   532 | D        | Offered knowledge of Magic Dart by Vehumet.
   532 | D        | Reached skill level 13 in Spellcasting
   532 | D        | Reached XP level 7. HP: 36/36 MP: 13/27
   604 | D        | Found a hide-covered altar of Uskayaw.
   604 | D        | Found a roughly hewn altar of Beogh.
   604 | D        | Found an iron altar of Okawaru.
   604 | D        | Found a bloodstained altar of Trog.
   604 | D        | Found an ornate altar of the Wu Jian Council.
   604 | D        | Noticed a human
   604 | D        | Noticed a human
   606 | D        | Killed a human
   607 | D        | Killed a human
   607 | D        | Reached skill level 14 in Spellcasting
   696 | D        | Reached ** piety under Vehumet
   696 | D        | Offered knowledge of Shock by Vehumet.
   696 | D        | Reached XP level 8. HP: 41/41 MP: 24/30
   863 | D        | Found a blossoming altar of Fedhas.
   863 | D        | Found a stormy altar of Qazlal.
   863 | D        | Found a snail-covered altar of Cheibriados.
   863 | D        | Found a burning altar of Makhleb.
   863 | D        | Found a shimmering altar of Xom.
   864 | D        | Found a hazy altar of Hepliaklqana.
   864 | D        | Found an opulent altar of Gozag.
   864 | D        | Found a sparkling altar of Nemelex Xobeh.
   864 | D        | Found a corrupted altar of Lugonu.
   864 | D        | Found a viscous altar of Jiyva.
   966 | D        | Offered knowledge of Conjure Flame by Vehumet.
   966 | D        | Reached skill level 15 in Spellcasting
   966 | D        | Reached *** piety under Vehumet
   971 | D        | Reached skill level 1 in Armour
  1059 | D        | Noticed a two-headed ogre
  1075 | D        | Killed a two-headed ogre
  1154 | D        | Noticed Erolcha
  1155 | D        | Noticed a two-headed ogre
  1158 | D        | Killed Erolcha
  1158 | D        | Offered knowledge of Airstrike by Vehumet.
  1158 | D        | Reached skill level 17 in Spellcasting
  1158 | D        | Reached skill level 15 in Earth Magic
  1158 | D        | Reached XP level 9. HP: 46/46 MP: 13/35
  1159 | D        | Killed a two-headed ogre
  1160 | D        | Reached **** piety under Vehumet
  1288 | D        | Noticed a wandering mushroom
  1292 | D        | Noticed a wandering mushroom
  1297 | D        | Killed a wandering mushroom
  1297 | D        | Reached skill level 18 in Spellcasting
  1298 | D        | Noticed a wandering mushroom
  1304 | D        | Killed a wandering mushroom
  1304 | D        | Reached ***** piety under Vehumet
  1309 | D        | Killed a wandering mushroom
  1463 | D        | Offered knowledge of Iskenderun's Mystic Blast by Vehumet.
  1467 | D        | Reached XP level 10. HP: 37/51 MP: 19/38
  1468 | D        | Noticed an orc sorcerer
  1468 | D        | Killed an orc sorcerer
  1468 | D        | Reached skill level 19 in Spellcasting
  1470 | D        | Noticed an orc high priest
  1471 | D        | Reached ****** piety under Vehumet
  1474 | D        | Killed an orc high priest
  1610 | D        | Found Wotik's Magic Scroll Emporium.
  1692 | D        | Bought a scroll of magic mapping for 42 gold pieces
  1699 | D        | Noticed a deep elf mage
  1699 | D        | Noticed a deep elf mage
  1699 | D        | Noticed a deep elf knight
  1699 | D        | Noticed a deep elf knight
  1699 | D        | Noticed a deep elf mage
  1706 | D        | Killed a deep elf knight
  1706 | D        | Offered knowledge of Conjure Ball Lightning by Vehumet.
  1706 | D        | Reached skill level 1 in Fighting
  1706 | D        | Reached skill level 20 in Spellcasting
  1706 | D        | Killed a deep elf mage
  1708 | D        | Killed a deep elf knight
  1708 | D        | Killed a deep elf mage
  1708 | D        | Reached skill level 21 in Spellcasting
  1710 | D        | Killed a deep elf mage
  1781 | D        | Noticed a deep elf demonologist
  1783 | D        | Killed a deep elf demonologist
  1783 | D        | Reached XP level 11. HP: 56/56 MP: 35/42
  1786 | D        | Noticed a deep elf death mage
  1788 | D        | Killed a deep elf mage
  1790 | D        | Killed a deep elf death mage
  1790 | D        | Reached skill level 22 in Spellcasting
  1841 | D        | Noticed a deep elf mage
  1843 | D        | Killed a deep elf mage
  1861 | D        | Noticed a deep elf demonologist
  1864 | D        | Killed a deep elf demonologist
  1864 | D        | Offered knowledge of Fireball by Vehumet.
  1868 | D        | Noticed a deep elf master archer
  1930 | D        | Learned a level 5 spell: Fireball
  1931 | D        | Noticed a deep elf high priest
  1936 | D        | Killed a deep elf high priest
  1936 | D        | Reached skill level 23 in Spellcasting
  2223 | D        | Killed a deep elf master archer
  2373 | D        | Got a bound lapis lazuli ring
  2434 | D        | Identified the ring "Kytulaw" {rPois rC- Str+3 Dex+6
                  | Slay+2} (You found it in the Dungeon)
  2465 | D        | Learned a level 5 spell: Bolt of Magma
  2472 | D        | Learned a level 6 spell: Iron Shot
  2479 | D        | Learned a level 6 spell: Statue Form
  2489 | D        | Learned a level 9 spell: Shatter
  2556 | D        | Offered knowledge of Orb of Destruction by Vehumet.
  2809 | D        | Offered knowledge of Iskenderun's Battlesphere by Vehumet.
  2811 | D        | Reached skill level 24 in Spellcasting
  2955 | D        | Offered knowledge of Starburst by Vehumet.
  2955 | D        | Reached XP level 12. HP: 30/61 MP: 33/46
  3221 | D        | Offered knowledge of Ozocubu's Refrigeration by Vehumet.
  3322 | D        | Noticed Rupert
  3325 | D        | Killed Rupert
  3325 | D        | Reached skill level 25 in Spellcasting
  3368 | D        | Noticed a death yak
  3369 | D        | Noticed a death yak
  3371 | D        | Killed a death yak
  3371 | D        | Reached skill level 5 in Conjurations
  3371 | D        | Killed a death yak
  3371 | D        | Killed a death yak
  3371 | D        | Reached skill level 5 in Transmutations
  3379 | D        | Offered knowledge of Lehudib's Crystal Spear by Vehumet.
  3380 | D        | Noticed a death yak
  3383 | D        | Killed a death yak
  3426 | D        | Noticed an azure jelly
  3426 | D        | Noticed an azure jelly
  3436 | D        | Noticed an anaconda
  3440 | D        | Reached skill level 26 in Spellcasting
  3441 | D        | Killed an anaconda
  3630 | D        | Offered knowledge of Fire Storm by Vehumet.
  3630 | D        | Offered knowledge of Chain Lightning by Vehumet.
  3630 | D        | Offered knowledge of Absolute Zero by Vehumet.
  3666 | D        | Learned a level 9 spell: Fire Storm
  3682 | D        | Noticed an anaconda
  3687 | D        | Noticed an anaconda
  3689 | D        | Killed an anaconda
  3689 | D        | Killed an anaconda
  3689 | D        | Reached XP level 13. HP: 62/66 MP: 41/50
  3695 | D        | Reached skill level 27 in Spellcasting
  3892 | D        | Noticed a nagaraja
  3895 | D        | Killed a nagaraja
  3919 | D        | Found Heush's Gadget Boutique.
  3919 | D        | Found Toaf's Magic Scroll Emporium.
  3923 | D        | Found Anuru's Antique Weapon Shop.
  3940 | D        | Bought a scroll of blinking for 82 gold pieces
  3940 | D        | Bought a scroll of blinking for 82 gold pieces
  3942 | D        | Bought a scroll of fog for 22 gold pieces
  3954 | D        | Got a serpentine rune of Zot
  4087 | D        | Noticed a dire elephant
  4089 | D        | Noticed a dire elephant
  4090 | D        | Noticed Gastronok
  4091 | D        | Killed a dire elephant
  4096 | D        | Killed Gastronok
  4230 | D        | Killed a dire elephant
  4333 | D        | Noticed an azure jelly
  4334 | D        | Noticed an azure jelly
  4486 | D        | Reached skill level 1 in Fire Magic
  4486 | D        | Reached skill level 1 in Evocations
  4851 | D        | Noticed Polyphemus
  4855 | D        | Noticed Ilsuiw
  4866 | D        | Slain by Polyphemus

Illustrated notes

Levels and vault maps discovered:
D:        dungeon_sprint_mu [sprint_mu_entry_cave, sprint_mu_temple_rooms,
          sprint_mu_d1_spiders, sprint_mu_d2_genie, sprint_mu_d3_branching,
          sprint_mu_orc_legion, sprint_mu_elf_gauntlet, sprint_mu_hive_nellie,
          sprint_mu_lair_fedhas, sprint_mu_vaults_butterflies,
          sprint_mu_slime_circle, sprint_mu_shoals_archi,
          sprint_mu_snake_twists, sprint_mu_blade_basic, sprint_mu_crypt_lich,
          sprint_mu_tomb_spiral, sprint_mu_vestibule_basic,
          sprint_mu_gehenna_hellfire, sprint_mu_dis_giant,
          sprint_mu_tartarus_statrot, sprint_mu_cocytus_islands, sprint_mu_zot1]

Skill      XL: |  1  2  3  4  5  6  7  8  9 10 11 12 13 |
---------------+----------------------------------------+-----
Earth Magic    | 6 7 9 10 12 13 15 16 18 20 22 25 | 25.5
Dodging        | 3 4 5 6 8 |  8.2
Stealth        | 3 |  3.6
Spellcasting   | 4 6 7 9 13 14 17 18 21 24 26 27 | 27.0
Conjurations   | 1 2 3 4 5 6 |  6.8
Transmutations | 2 3 4 5 |  5.3
Armour         | 2 3 |  3.3
Fighting       | 1 2 |  2.1
Fire Magic     | 1 |  1.9
Evocations     | 1 |  1.2
Throwing       | |  0.1

Action                   |  1- 3 |  4- 6 |  7- 9 | 10-12 | 13-15 || total
-------------------------+-------+-------+-------+-------+-------++-------
Melee: Staff             |       |       |       |       |     1 ||     1
Throw: Stone             |       |       |       |       |     1 ||     1
 Cast: Sandblast         |     9 |     5 |       |       |       ||    14
       Stone Arrow       |     1 |       |    11 |    15 |     3 ||    30
       Passwall          |     1 |       |       |     4 |       ||     5
       Lee's Rapid Decon |       |     4 |    28 |    70 |    30 ||   132
       Petrify           |       |       |     1 |     3 |     4 ||     8
       Fireball          |       |       |       |     2 |     7 ||     9
       Iron Shot         |       |       |       |     3 |     9 ||    12
       Statue Form       |       |       |       |       |     1 ||     1
Evoke: Wand              |       |       |       |       |     2 ||     2
  Use: Potion            |     1 |       |       |     3 |     2 ||     6
       Scroll            |       |       |       |     4 |     1 ||     5
Armor: Leather armour    |       |       |     1 |       |       ||     1
       Robe              |       |       |       |     4 |       ||     4
       Skin              |       |       |       |       |    12 ||    12
Dodge: Dodged            |     1 |       |     1 |    16 |    24 ||    42
Block: Other             |       |       |       |     5 |     4 ||     9

Table legend: (Time is in decaauts)
 A = Elapsed time spent in this place.
 B = Non-inter-level travel time spent in this place.
 C = Inter-level travel time spent in this place.
 D = Time resting spent in this place.
 E = Time spent auto-exploring this place.
 F = Levels seen in this place.
 G = Mean time per level.
                   A        B        C        D        E       F      G
               +--------+--------+--------+--------+--------+-----+--------+
         Total |   4938 |   4938 |      0 |   3456 |     18 |   1 | 4938.0 |
       Dungeon |   4938 |   4938 |      0 |   3456 |     18 |   1 | 4938.0 |
               +--------+--------+--------+--------+--------+-----+--------+

Top non-repeatable levels by time:
       D: 4938 daAuts
